 Dungeon Crawl Stone Soup version 0.26-a0-113-gd8a95b691d (webtiles) character file.

Game seed: 15193305246034325842

99697 Gargoyl the Cleaver (level 15, -1/113 HPs)
             Began as a Centaur Abyssal Knight on June 27, 2020.
             Was the Champion of Lugonu.
             Slain by a +2 war axe of distortion (11 damage)
             ... on level 1 of the Elven Halls.
             The game lasted 00:42:57 (28261 turns).

Gargoyl the Cleaver (Centaur Abyssal Knight)       Turns: 28261, Time: 00:42:57

Health: -1/113     AC: 29    Str: 30    XL:     15   Next: 78%
Magic:  23/24      EV: 12    Int: 17    God:    Lugonu [******]
Gold:   2341       SH:  8    Dex: 10    Spells: 14/14 levels left

rFire    + + .     SeeInvis .   d - +0 hand axe of Deflation {elec, rPois}
rCold    + . .     Faith    .   k - +3 buckler {rPois}
rNeg     + . .     Spirit   .   B - +6 scale mail "Ruask" {rF+ Str+3}
rPois    +         Reflect  .   E - +2 helmet of Least Resistance {rElec rF+}
rElec    +         Harm     .   b - +2 cloak
rCorr    .                      C - +2 pair of gloves {Str+3}
MR       ++...                  (no barding)
Stlth    ..........             g - amulet of regeneration
HPRegen  0.68/turn              N - ring "Xum Peun" {rElec rC+ rN+ Str+4 Int+6}
MPRegen  0.19/turn              F - ring of protection from magic

@: very slightly contaminated, very quick
A: large, hooves 3, icy blue scales 1, molten scales 1, deformed body, speed 2,
frail 1, tough skin 3, MP-powered wands
a: Depart the Abyss, Bend Space, Banish, Corrupt, Enter the Abyss, Brand Weapon
With Distortion, Renounce Religion


You were on level 1 of the Elven Halls.
You worshipped Lugonu.
Lugonu was exalted by your worship.
You were hungry.

You visited 4 branches of the dungeon, and saw 24 of its levels.
You visited the Abyss 2 times.
You also visited: Bailey and Gauntlet.

You collected 3062 gold pieces.
You spent 721 gold pieces at shops.

Inventory:

Hand Weapons
 d - the +0 hand axe of Deflation (weapon) {elec, rPois}
   (You found it on level 2 of the Abyss)

   Occasionally, upon striking a foe, it will discharge some electrical energy
   and cause terrible harm.
   It protects you from poison.
 V - a +1 hand axe of flaming
 Z - a +4 broad axe of draining
Missiles
 G - 26 javelins (quivered)
Armour
 b - a +2 cloak (worn)
 k - a +3 buckler of poison resistance (worn)
 q - a +4 scale mail of poison resistance
 B - the +6 scale mail "Ruask" (worn) {rF+ Str+3}
   (You found it in a bailey)

   It affects your strength (+3).
   It protects you from fire.
 C - a +2 pair of gloves of strength (worn)
 E - the +2 helmet of Least Resistance (worn) {rElec rF+}
   (You found it in a Gauntlet)

   It protects you from fire.
   It insulates you from electricity.
Jewellery
 a - an uncursed ring of positive energy {unknown}
 g - an amulet of regeneration (around neck)
 l - an uncursed ring of resist corrosion
 s - an uncursed ring of see invisible
 F - a ring of protection from magic (right hand)
 I - an uncursed amulet of reflection
 J - an uncursed ring of ice
 N - the ring "Xum Peun" (left hand) {rElec rC+ rN+ Str+4 Int+6}
   (You acquired it on level 5 of the Lair of Beasts)

   [ring of intelligence]

   It affects your strength (+4).
   It affects your intelligence (+6).
   It protects you from cold.
   It insulates you from electricity.
   It protects you from negative energy.
 R - a +6 ring of intelligence {unknown}
 U - a +6 ring of dexterity
 Y - an uncursed ring of stealth
Wands
 n - a wand of random effects (17)
 o - a wand of iceblast (34)
 u - a wand of polymorph (22)
 x - a wand of clouds (6)
 H - a wand of disintegration (34)
 K - a wand of enslavement (9)
 P - a wand of flame (34)
 T - a wand of acid (6)
Scrolls
 e - 2 scrolls of fog
 h - 7 scrolls of identify
 j - 11 scrolls of teleportation
 m - 11 scrolls of remove curse
 w - 2 scrolls of blinking
 y - 3 scrolls of fear
 W - a scroll of magic mapping
Potions
 f - 4 potions of brilliance
 i - 4 potions of might
 p - 2 potions of berserk rage
 r - 3 potions of ambrosia
 t - 4 potions of resistance
 v - 5 potions of flight
 z - 3 potions of haste
 D - a potion of mutation
 L - 4 potions of magic
 M - a potion of heal wounds
 O - 5 potions of curing
 Q - 4 potions of lignification
 S - a potion of stabbing {unknown}
Comestibles
 c - 51 rations


   Skills:
 + Level 10.2 Fighting
 + Level 12.9 Axes
 + Level 0.3 Throwing
 * Level 11.0 Armour
 * Level 9.3 Dodging
 + Level 6.7 Shields
 * Level 12.7 Invocations


You had 14 spell levels left.
You didn't know any spells.
Your spell library contained the following spells:

 Spells                   Type           Power        Failure   Level  Hunger
 Animate Skeleton         Necr           N/A          38%         1    ##.....
 Apportation              Tloc           #.....       38%         1    ##.....
 Corona                   Hex            #......      38%         1    ##.....
 Foxfire                  Conj/Fire      #...         38%         1    ##.....
 Shock                    Conj/Air       #...         38%         1    ##.....
 Summon Small Mammal      Summ           #...         38%         1    ##.....
 Ensorcelled Hibernation  Hex/Ice        #.....       54%         2    ###....
 Slow                     Hex            #.......     54%         2    ###....
 Swiftness                Chrm/Air       #.......     54%         2    ###....
 Confusing Touch          Hex            #.......     77%         3    ####...
 Conjure Flame            Conj/Fire      #.......     77%         3    ####...
 Frozen Ramparts          Ice            #.....       77%         3    ####...
 Gell's Gravitas          Tloc           #.........   77%         3    ####...
 Inner Flame              Hex/Fire       #.......     77%         3    ####...
 Ozocubu's Armour         Chrm/Ice       #.......     77%         3    ####...
 Portal Projectile        Hex/Tloc       #.....       77%         3    ####...
 Static Discharge         Conj/Air       #.......     77%         3    ####...
 Airstrike                Air            #.........   99%         4    #####..
 Cause Fear               Hex            #.........   99%         4    #####..
 Leda's Liquefaction      Hex/Erth       #.........   99%         4    #####..
 Petrify                  Tmut/Erth      #.......     99%         4    #####..
 Sticky Flame             Conj/Fire      #.......     99%         4    #####..
 Bolt of Magma            Conj/Fire/Erth #.........   100%        5    ######.
 Borgnjor's Vile Clutch   Necr/Erth      #.........   100%        5    ######.
 Fireball                 Conj/Fire      #.........   100%        5    ######.
 Iskenderun's Battlesphe  Conj/Chrm      #.......     100%        5    ######.
 Lightning Bolt           Conj/Air       #.........   100%        5    ######.
 Metabolic Englaciation   Hex/Ice        #.........   100%        5    ######.
 Silence                  Hex/Air        #.........   100%        5    ######.
 Yara's Violent Unravell  Hex/Tmut       #.........   100%        5    ######.
 Darkness                 Hex            #.........   100%        6    #######
 Iron Shot                Conj/Erth      #.........   100%        6    #######
 Shadow Creatures         Summ           N/A          100%        6    #######
 Starburst                Conj/Fire      #.........   100%        6    #######
 Orb of Destruction       Conj           #.........   100%        7    #######
 Spellforged Servitor     Conj/Summ      #.........   100%        7    #######


Dungeon Overview and Level Annotations

Branches:
Dungeon (15/15)            Temple (0/1) D:7            Lair (6/6) D:8
 Shoals (0/4) Lair:2       Spider (0/4) Lair:4        Slime (0/5) Lair:5
    Orc (2/2) D:9             Elf (1/3) Orc:2        Vaults (0/5) D:13
 Depths (0/5) D:15         Bailey (visited)         Gauntlet (visited)

Altars:
Fedhas
Kikubaaqudgha
Makhleb
Okawaru
Qazlal
Ru
Uskayaw
Yredelemnul
Zin
The Shining One
Beogh

Shops:
D:4 *   D:8 %[%*(%   D:9 ?   D:10 *   Orc:2 (}%*

Annotations:
D:8 1 runed translucent door, Gargoyl's ghost, novice CeAK
Lair:3 exclusion: oklob plant


Innate Abilities, Weirdness & Mutations

You have hooves in place of feet.
Armour fits poorly on your strangely shaped body.
You cover ground very quickly.
You have extremely tough skin. (AC +3)
You are partially covered in icy blue scales. (AC +2)
You are partially covered in molten scales. (AC +2)
You are frail. (-10% HP)
You expend magic power (3 MP) to strengthen your wands.


Message History

The +2 war axe of distortion hits you but does no damage.
Space warps horribly around you!
* * * LOW HITPOINT WARNING * * *
You block the black bear's attack. The black bear completely misses you.
You block the black bear's attack.
You see here an arrow.
You feel much better.
The black bear changes into a golden eye!
The +2 war axe of distortion hits you but does no damage.
Space warps horribly around you!!
* * * LOW HITPOINT WARNING * * *
The deep elf mage gestures wildly while chanting.
The deep elf mage conjures a globe of magical energy!
A battlesphere comes into view.
The golden eye changes into a troll!
There is a staircase back to the Mines here.
The troll changes into a spriggan!
The +2 war axe of distortion hits you!
* * * LOW HITPOINT WARNING * * *
Space warps horribly around you!
You die...

#
#.#######.##.
#..@((eee.*.ยง
######i.e....
.##..#. .# .#.
.# . ##


You could see 3 deep elf archers, a deep elf mage, a spriggan shaped shifter, a
+2 war axe of distortion and a battlesphere.

Vanquished Creatures
  A tentacled starspawn (Abyss:4)
  Kirke (D:14)
  4 dire elephants
  A minotaur (Gauntlet)
  Snorg (D:11)
  Josephine (D:11)
  Fannar (Lair:3)
  2 vault guards (D:13)
  An anaconda (Lair:6)
  Erica (Lair:2)
  A hydra (D:15)
  2 death knights
  3 centaur warriors
  An ogre mage (D:10)
  7 two-headed ogres
  4 orc high priests
  A deep elf knight (Elf:1)
  A thrashing horror (Abyss:4)
  Nergalle (Lair:4)
  3 unseen horrors
  3 orc knights
  13 ugly things
  6 manticores
  2 orc sorcerers (Orc:2)
  A necromancer (Gauntlet)
  A cyclops (D:11)
  A salamander (D:15)
  A deep elf mage (D:15)
  15 elephants
  Maurice (Orc:2)
  A rust devil (Abyss:2)
  8 spiny frogs
  2 torpor snails
  2 gargoyles
  A spiny frog (shapeshifter) (D:15)
  4 centaur skeletons
  8 komodo dragons
  4 rime drakes
  An efreet (D:14)
  2 kobold demonologists (Bailey)
  4 freezing wraiths
  10 trolls
  Grinder (D:3)
  A hornet (D:14)
  10 hippogriffs
  19 blink frogs
  Prince Ribbit (Lair:3)
  15 slime creatures
  Sigmund (D:3)
  9 shadows
  A spriggan (D:7)
  6 wraiths
  2 wyverns
  58 yaks
  A basilisk (Lair:1)
  2 large abominations (Abyss:2)
  9 humans (D:13)
  2 hogs
  7 vampire mosquitoes
  2 wargs
  6 porcupines
  16 water moccasins
  2 black bears
  3 ice beasts
  27 orc warriors
  2 necrophages
  An eye of draining (D:11)
  A phantom (D:11)
  9 ogres
  15 centaurs
  24 wolves
  A big kobold (D:10)
  11 crocodiles
  Blork the orc (D:4)
  17 bullfrogs
  A gnoll sergeant (D:11)
  6 scorpions
  A water moccasin skeleton (D:9)
  6 killer bees (D:11)
  8 wights
  11 crimson imps
  6 electric eels
  8 howler monkeys
  A bullfrog zombie (D:8)
  3 quasits
  5 centaur zombies
  7 hounds
  5 jellies
  Crazy Yiuf (D:2)
  35 orc priests
  A bullfrog skeleton (D:10)
  An iguana (D:14)
  Terence (D:2)
  Jessica (D:3)
  4 hell rats (Lair:5)
  35 orc wizards
  13 worker ants
  2 hound zombies
  A hound skeleton (D:8)
  A howler monkey zombie (D:8)
  6 gnolls
  2 howler monkey skeletons
  9 adders
  3 shadow imps
  A white imp (Abyss:4)
  An adder skeleton (D:6)
  2 worms (Lair:4)
  3 dart slugs
  3 leopard geckos
  80 orcs
  10 giant cockroaches
  16 goblins
  13 hobgoblins
  17 jackals
  13 kobolds
  7 quokkas
  3 ball pythons
  7 bats
  3 frilled lizards
  2 leopard gecko skeletons (D:4)
  2 quokka zombies
  A rat (D:2)
  4 fungi
  6 plants
790 creatures vanquished.

Vanquished Creatures (others)
  A dire elephant (Lair:6)
  5 hydras
  A vault guard (D:13)
  An orc knight (Bailey)
  An orc wizard (Orc:2)
  2 fungi (Lair:4)
  16 plants
27 creatures vanquished.

Grand Total: 817 creatures vanquished

Notes
Turn   | Place    | Note
-------+----------+-------------------------------------------
     0 | Abyss:1  | Gargoyl the Centaur Abyssal Knight began the quest for the
                  | Orb.
     0 | Abyss:1  | Reached XP level 1. HP: 19/19 MP: 2/2
    11 | Abyss:1  | Found a corrupted altar of Lugonu.
   127 | Abyss:1  | Noticed a raiju
   127 | Abyss:1  | Noticed a flying skull
   128 | Abyss:1  | Noticed a ynoxinul
   200 | Abyss:2  | Got a glimmering hand axe
   201 | Abyss:2  | Identified the cursed +0 hand axe of Deflation {elec,
                  | rPois} (You found it on level 2 of the Abyss)
   213 | Abyss:2  | Noticed a large abomination
   222 | Abyss:2  | Noticed a hellwing
   273 | Abyss:2  | Noticed a hellephant
   274 | Abyss:2  | Found a corrupted altar of Lugonu.
   277 | Abyss:2  | Noticed a large abomination
   282 | Abyss:2  | Noticed a quasit
   289 | Abyss:2  | Noticed a starcursed mass
   294 | Abyss:2  | Got a shimmering ring mail
   295 | D:1      | Escaped the Abyss
   306 | D:1      | Identified the cursed +0 ring mail of the Tortoise {rF+}
                  | (You found it on level 2 of the Abyss)
   513 | D:1      | Reached * piety under Lugonu
   681 | D:1      | Reached XP level 2. HP: 26/26 MP: 3/3
   701 | D:1      | Reached skill level 1 in Dodging
  1366 | D:1      | Reached XP level 3. HP: 31/31 MP: 4/4
  1996 | D:2      | HP: 1/31 [gnoll (5)]
  2567 | D:1      | Reached XP level 4. HP: 37/38 MP: 6/6
  2813 | D:2      | Found a runed translucent door.
  2814 | D:2      | Noticed Crazy Yiuf
  3063 | D:2      | Gained mutation: You are clumsy. (Dex -2) [potion of
                  | mutation]
  3063 | D:2      | Gained mutation: You evolve. [potion of mutation]
  3067 | D:2      | Killed Crazy Yiuf
  3156 | D:2      | Gained mutation: You have a pair of small antennae on your
                  | head. [evolution]
  3382 | D:3      | Noticed Sigmund
  3398 | D:3      | Noticed Terence
  3402 | D:3      | Noticed Grinder
  3419 | D:2      | Killed Terence
  3419 | D:2      | Reached XP level 5. HP: 27/45 MP: 7/7
  3617 | D:3      | Paralysed by Grinder for 2 turns
  3748 | D:2      | Gained mutation: You are partially covered in molten
                  | scales. (AC +2) [evolution]
  3912 | D:3      | Noticed Jessica
  3915 | D:3      | Reached ** piety under Lugonu
  3919 | D:3      | Killed Jessica
  4069 | D:3      | Lost mutation: You are clumsy. (Dex -2) [potion of
                  | mutation]
  4069 | D:3      | Lost mutation: You evolve. [potion of mutation]
  4069 | D:3      | Lost mutation: You have a pair of small antennae on your
                  | head. [potion of mutation]
  4069 | D:3      | Gained mutation: You are frail. (-10% HP) [potion of
                  | mutation]
  4069 | D:3      | Gained mutation: You are partially covered in icy blue
                  | scales. (AC +2) [potion of mutation]
  4069 | D:3      | Gained mutation: You expend magic power (3 MP) to
                  | strengthen your wands. [potion of mutation]
  4114 | D:3      | Killed Sigmund
  4114 | D:3      | Reached XP level 6. HP: 46/46 MP: 8/8
  4146 | D:3      | Killed Grinder
  4146 | D:3      | Reached XP level 7. HP: 21/52 MP: 9/9
  4796 | D:4      | Found a burning altar of Makhleb.
  4818 | D:4      | Noticed Blork the orc
  4836 | D:4      | Killed Blork the orc
  5111 | D:4      | Found Pewnos's Lightly-Used Armoury.
  5156 | D:4      | Found an ancient bone altar of Kikubaaqudgha.
  5408 | D:5      | Entered Level 5 of the Dungeon
  5436 | D:5      | Found a hide-covered altar of Uskayaw.
  5669 | D:5      | Reached skill level 1 in Shields
  5719 | D:5      | Reached XP level 8. HP: 36/59 MP: 11/11
  6171 | D:6      | Reached *** piety under Lugonu
  6250 | D:6      | Found an iron altar of Okawaru.
  6371 | D:6      | Found a basalt altar of Yredelemnul.
  6423 | D:6      | Reached skill level 5 in Invocations
  6503 | D:6      | Reached skill level 5 in Axes
  6591 | D:6      | Found a sacrificial altar of Ru.
  6592 | D:6      | Found a stormy altar of Qazlal.
  6593 | D:6      | Found a glowing silver altar of Zin.
  6755 | D:7      | Found a staircase to the Ecumenical Temple.
  6948 | D:7      | Reached skill level 5 in Armour
  6952 | D:7      | Reached XP level 9. HP: 46/64 MP: 13/13
  7038 | D:7      | Found a flagged portal.
  7047 | Bailey   | Entered a bailey
  7194 | Bailey   | Noticed a kobold demonologist
  7194 | Bailey   | Noticed a kobold demonologist
  7197 | Bailey   | Found an iron altar of Okawaru.
  7204 | Bailey   | Noticed a hellwing
  7208 | Bailey   | Noticed a red devil
  7208 | Bailey   | Killed a kobold demonologist
  7211 | Bailey   | Reached **** piety under Lugonu
  7213 | Bailey   | Noticed a hellwing
  7218 | Bailey   | Killed a kobold demonologist
  7218 | Bailey   | Reached skill level 5 in Fighting
  7525 | Bailey   | Got a slimy scale mail
  7537 | Bailey   | Identified the +6 scale mail "Ruask" {rF+ Str+3} (You found
                  | it in a bailey)
  7578 | Bailey   | Noticed an orc knight
  7601 | Bailey   | Banished an orc knight
  7908 | Bailey   | Reached XP level 10. HP: 57/72 MP: 14/14
  7938 | Bailey   | Noticed an orc knight
  7952 | Bailey   | Killed an orc knight
  8470 | D:7      | Found a blossoming altar of Fedhas.
  8858 | D:8      | Found Cyimut's Food Boutique.
  8897 | D:8      | Found Zautyaba's Serpentskin Sales.
  8912 | D:8      | Found Beillum's Food Boutique.
  8923 | D:8      | Found Kyust's Antique Armour Emporium.
  8931 | D:8      | Bought a pair of glowing gloves for 210 gold pieces
  8931 | D:8      | Bought a fine buckler for 266 gold pieces
  8941 | D:8      | Identified the cursed +0 buckler "Eniph" {rF+} (You bought
                  | it in a shop on level 8 of the Dungeon)
  9087 | D:8      | Found a staircase to the Lair.
  9155 | D:8      | Found Witwe's Food Emporium.
  9333 | D:8      | Found Liuv's Weapon Shoppe.
  9346 | D:8      | Reached ***** piety under Lugonu
  9677 | D:8      | Found a runed translucent door.
  9690 | D:8      | Noticed Gargoyl's ghost (novice CeAK)
  9712 | D:9      | Noticed a gargoyle
  9731 | D:9      | Killed a gargoyle
  9977 | D:9      | Reached skill level 5 in Dodging
 10101 | D:9      | Found a staircase to the Orcish Mines.
 10231 | D:9      | Reached XP level 11. HP: 80/80 MP: 16/16
 10351 | D:9      | Found a glowing golden altar of the Shining One.
 10530 | D:9      | Found Huttaref's Magic Scroll Shop.
 10535 | D:9      | Bought a scroll of teleportation for 42 gold pieces
 11050 | Lair:1   | Entered Level 1 of the Lair of Beasts
 11333 | Lair:1   | Found a gate leading to a gauntlet.
 11340 | Gauntlet | Entered a Gauntlet
 11340 | Gauntlet | Found a runed translucent door.
 11340 | Gauntlet | Found a transporter.
 11340 | Gauntlet | Found a runed translucent door.
 11340 | Gauntlet | Noticed a necromancer
 11351 | Gauntlet | Found a transporter.
 11358 | Gauntlet | Killed a necromancer
 11384 | Gauntlet | Found a transporter.
 11407 | Gauntlet | Found a transporter.
 11414 | Gauntlet | Corrupted Gauntlet
 11414 | Gauntlet | Noticed a tentacled starspawn
 11414 | Gauntlet | Noticed a green very ugly thing
 11414 | Gauntlet | Noticed a tentacled starspawn
 11416 | Gauntlet | Found a transporter.
 11424 | Gauntlet | Noticed a catoblepas
 11424 | Gauntlet | Found a transporter.
 11424 | Gauntlet | Found a transporter.
 11428 | Gauntlet | Noticed a great orb of eyes
 11432 | Gauntlet | Noticed a tentacled starspawn
 11461 | Gauntlet | Found a transporter.
 11473 | Gauntlet | Got a steaming helmet
 11488 | Gauntlet | Identified the +2 helmet of Least Resistance {rElec rF+}
                  | (You found it in a Gauntlet)
 11503 | Gauntlet | Noticed a minotaur
 11518 | Gauntlet | Killed a minotaur
 12261 | Lair:1   | Reached XP level 12. HP: 44/87 MP: 18/18
 12356 | Lair:2   | Noticed Erica
 12376 | Lair:2   | Killed Erica
 12643 | Lair:2   | Found a staircase to the Shoals.
 13302 | Lair:3   | Noticed an eight-headed hydra
 13310 | Lair:3   | Banished an eight-headed hydra
 13588 | Lair:3   | Reached ****** piety under Lugonu
 13663 | Lair:3   | Noticed Prince Ribbit
 13677 | Lair:3   | Killed Prince Ribbit
 13759 | Lair:3   | You fall into a shaft and drop 1 floor!
 13847 | Lair:4   | Noticed Nergalle
 13854 | Lair:3   | Reached skill level 10 in Axes
 14107 | Lair:3   | Noticed Fannar
 14129 | Lair:3   | Killed Fannar
 14487 | Lair:4   | Killed Nergalle
 14494 | Lair:4   | Noticed a six-headed hydra
 14499 | Lair:4   | Banished a six-headed hydra
 14551 | Lair:4   | Found a hole to the Spider Nest.
 15017 | Lair:4   | Noticed an eight-headed hydra
 15024 | Lair:4   | Banished an eight-headed hydra
 15031 | Lair:4   | Reached XP level 13. HP: 94/96 MP: 15/20
 15468 | Lair:5   | Got the ring "Xum Peun" {rElec rC+ rN+ Str+4 Int+6}
 15569 | Lair:5   | Reached skill level 10 in Invocations
 15692 | Lair:5   | Found a staircase to the Slime Pits.
 16585 | Lair:6   | Entered Level 6 of the Lair of Beasts
 17212 | Lair:6   | Reached skill level 5 in Shields
 18036 | Lair:6   | Noticed a dire elephant
 18036 | Lair:6   | Noticed a dire elephant
 18052 | Lair:6   | Noticed a dire elephant
 18070 | Lair:6   | Noticed a dire elephant
 18206 | Lair:5   | Killed a dire elephant
 18304 | Lair:6   | Killed a dire elephant
 18460 | Lair:6   | Killed a dire elephant
 18592 | Lair:6   | Killed a dire elephant
 18609 | Lair:6   | Identified the Collected Works on the Frigorific Arsonist
 18672 | Lair:6   | Noticed a dire elephant
 18692 | Lair:6   | Banished a dire elephant
 18692 | Lair:6   | Reached skill level 10 in Armour
 18692 | Lair:6   | Reached XP level 14. HP: 5/104 MP: 16/22
 19056 | D:10     | Entered Level 10 of the Dungeon
 19132 | D:10     | Found a transporter.
 19154 | D:10     | Found a roughly hewn altar of Beogh.
 19154 | D:10     | Found a transporter.
 19224 | D:10     | Got a dazzling plate armour
 19225 | D:10     | Identified the cursed +1 plate armour "Qottuap" {rF+} (You
                  | found it on level 10 of the Dungeon)
 19284 | D:10     | Found Sauzes's Assorted Antiques.
 20411 | D:11     | Noticed Josephine
 20450 | D:11     | Killed Josephine
 20506 | D:11     | Noticed Snorg
 20575 | D:11     | Killed Snorg
 23135 | D:13     | Found a gate to the Vaults.
 23549 | D:14     | Reached XP level 15. HP: 95/112 MP: 24/24
 23688 | D:14     | Found a blossoming altar of Fedhas.
 24648 | D:15     | Entered Level 15 of the Dungeon
 24743 | D:15     | Noticed Kirke
 24767 | D:14     | Noticed a sphinx
 24767 | D:14     | Killed Kirke
 25566 | D:15     | Found a staircase to the Depths.
 26290 | Orc:1    | Entered Level 1 of the Orcish Mines
 26675 | Orc:2    | Entered Level 2 of the Orcish Mines
 26675 | Orc:2    | Found a staircase to the Elven Halls.
 26892 | Orc:1    | Reached skill level 10 in Fighting
 27218 | Orc:2    | Noticed Maurice
 27291 | Orc:2    | Killed Maurice
 27592 | Orc:2    | Found Ypnik's Food Shop.
 27592 | Orc:2    | Found Ulirghoso's Antique Weapon Boutique.
 27593 | Orc:2    | Found Kycwaasm's Gadget Boutique.
 27596 | Orc:2    | Found Lishryth's Assorted Antiques.
 27602 | Orc:2    | Bought a runed broad axe for 203 gold pieces
 27922 | Elf:1    | Entered Level 1 of the Elven Halls
 27932 | Elf:1    | Paralysed by a floating eye for 4 turns
 27946 | Elf:1    | Cast into level 2 of the Abyss (+2 war axe of distortion)
 28234 | Abyss:4  | Noticed a tentacled starspawn
 28248 | Abyss:4  | Killed a tentacled starspawn
 28257 | Elf:1    | Escaped the Abyss
 28261 | Elf:1    | Slain by a +2 war axe of distortion

Illustrated notes

Levels and vault maps discovered:
D:1:      dpeg_arrival_tiny_h, layout_basic, minivault_27,
          minmay_shallow_snake_nest
D:2:      layout_loops_ring, chequers_big_river, uniq_crazy_yiuf_cottage
D:3:      layout_basic, uniq_grinder, uniq_jessica, uniq_sigmund, uniq_terence
D:4:      layout_basic, nicolae_overflow_crystal_walls, old_standard_altar,
          minmay_shop_damaged, uniq_blork_the_orc
D:5:      layout_loops_ring, lemuel_crystal_altar, first_ration
D:6:      layout_basic, kennysheep_mini, kennysheep_okawaru_gauntlet,
          gammafunk_temple_overflow_claw
D:7:      layout_rooms, fedhas_altar_4, minmay_temple_entry_sparse_star,
          enter_bailey_8, the_bakery, dk_noncrumbling_3, nicolae_zen_rock_garden
D:8:      layout_basic, dpeg_oklobed_lair, serial_shops, shop, shop,
          nicolae_shop_stone, shop, nicolae_shop_crystal,
          ebering_ghost_reflecting_pool, interstate_on_off, serial_park_tiny_2,
          guppyfry_shop_venom
D:9:      layout_loops_ring, erik_orc_3, serial_shops, shop_statue,
          lemuel_statue_altar
D:10:     gammafunk_beogh_shrine, layout_basic, serial_shops,
          nicolae_shop_overgrown_old_shop, lightli_corner_chamber
D:11:     layout_basic, library_closet, hangedman_corner_corridor, uniq_snorg,
          uniq_josephine
D:12:     layout_cross, serial_park, serial_park_square3
          [serial_park_minivault_5x5_7], serial_park_tiny_1,
          serial_park_tiny_pond
D:13:     layout_gridville, ximxim_vaults_locker_room
D:14:     layout_basic, basic_altar
D:15:     hangedman_depths_entry_try_elsewhere_first, layout_layer_cave,
          uniq_kirke
Lair:1:   layout_cave_shapes, gauntlet_entry_generic
Lair:2:   layout_chaotic_city, elwin_shoals_entry_rocks, uniq_erica
Lair:3:   layout_regular_city, minmay_holes, minmay_lair_oklob_chamber,
          lemuel_fruit_tree, grunt_megastairs_3, infiniplex_staircase_pool_2,
          uniq_prince_ribbit2, uniq_fannar
Lair:4:   layout_loops_ring, nicolae_spider_entry_non_spiders,
          beast_lair_carwin_11, lemuel_fruit_fields, infiniplex_staircase_pool,
          grunt_megastairs_4, uniq_nergalle
Lair:5:   layout_small_grid, slime_dummy, grunt_megastairs_2,
          serial_bayou_shore_a
Lair:6:   due_jungle_book, layout_gridlike, grunt_megastairs_5
Orc:1:    layout_caves
Orc:2:    st_orc_mages, layout_caves, uniq_maurice
Elf:1:    minmay_slanted_spiral_squares, layout_loops_ring,
          minmay_elf_annihilation

Skill      XL: |  1  2  3  4  5  6  7  8  9 10 11 12 13 14 15 |
---------------+----------------------------------------------+-----
Dodging        | 1 2 3 4 5 6 7 8 9 |  9.3
Axes           | 2 3 4 5 6 7 9 10 11 12 | 12.9
Armour         | 2 3 4 5 6 7 8 9 10 11 | 11.0
Invocations    | 3 4 5 6 7 8 9 11 12 | 12.7
Fighting       | 4 5 6 7 8 9 10 | 10.2
Shields        | 1 2 3 4 5 6 |  6.7
Throwing       | |  0.3

Action                   |  1- 3 |  4- 6 |  7- 9 | 10-12 | 13-15 || total
-------------------------+-------+-------+-------+-------+-------++-------
Melee: Hand axe          |    74 |    90 |   345 |   710 |  1643 ||  2862
       Kick              |     8 |     8 |    70 |   240 |   668 ||   994
Throw: Javelin           |       |       |       |       |     5 ||     5
Invok: Depart the Abyss  |     1 |       |       |       |     1 ||     2
       Banish            |       |       |     1 |     3 |     7 ||    11
       Corrupt           |       |       |       |     1 |       ||     1
       Bend Space        |       |       |       |       |     2 ||     2
  Use: Scroll            |     7 |     3 |     9 |    19 |    12 ||    50
       Potion            |     1 |     9 |       |       |     2 ||    12
  Eat: Chunk             |     2 |       |    10 |    20 |    35 ||    67
       Ration            |     1 |     1 |       |       |     1 ||     3
Armor: Ring mail         |    30 |    11 |       |       |       ||    41
       Leather armour    |     1 |       |       |       |       ||     1
       Scale mail        |       |    61 |   198 |   341 |   919 ||  1519
Dodge: Dodged            |    34 |    34 |   157 |   307 |   677 ||  1209
Block: Buckler           |     5 |    13 |    92 |   187 |   597 ||   894

Table legend:
 A = Non-vault XP
 B = Vault XP
 C = Vault XP percentage of total XP
 D = Non-vault monster count
 E = Vault monster count
 F = Vault count percentage of total count
                 A         B        C        D         E       F
            +---------+---------+-------+---------+---------+-------
      Total |  102121 |   40304 |  28.3 |     580 |     209 |  26.5
            +---------+---------+-------+---------+---------+-------
        D:1 |      69 |       1 |   1.4 |      23 |       1 |   4.2
        D:2 |      58 |      79 |  57.7 |      13 |       2 |  13.3
        D:3 |     147 |     541 |  78.6 |      19 |       3 |  13.6
        D:4 |     260 |      96 |  27.0 |      24 |       1 |   4.0
        D:5 |     196 |       0 |   0.0 |       7 |       0 |   0.0
        D:6 |     743 |       0 |   0.0 |      16 |       0 |   0.0
        D:7 |    1046 |     215 |  17.0 |      22 |       1 |   4.3
        D:8 |    1587 |      14 |   0.9 |      34 |       1 |   2.9
        D:9 |    5194 |     541 |   9.4 |      41 |      19 |  31.7
       D:10 |    2616 |    2670 |  50.5 |      22 |      14 |  38.9
       D:11 |    6589 |    3579 |  35.2 |      40 |       9 |  18.4
       D:12 |    8338 |     143 |   1.7 |      28 |       2 |   6.7
       D:13 |    7322 |    3745 |  33.8 |      46 |      11 |  19.3
       D:14 |    9295 |    2474 |  21.0 |      30 |       2 |   6.2
       D:15 |   11511 |    2335 |  16.9 |      31 |       5 |  13.9
     Lair:1 |    3159 |       0 |   0.0 |      19 |       0 |   0.0
     Lair:2 |    2563 |     955 |  27.1 |      15 |       1 |   6.2
     Lair:3 |    5829 |    2837 |  32.7 |      22 |       8 |  26.7
     Lair:4 |    3743 |    2826 |  43.0 |      14 |      14 |  50.0
     Lair:5 |    7835 |       0 |   0.0 |      32 |       0 |   0.0
     Lair:6 |   13888 |    3724 |  21.1 |      37 |       7 |  15.9
      Orc:1 |    2520 |    2027 |  44.6 |      17 |       6 |  26.1
      Orc:2 |    2568 |    4471 |  63.5 |      20 |      45 |  69.2
      Elf:1 |     816 |       0 |   0.0 |       1 |       0 |   0.0
    Abyss:2 |     858 |       0 |   0.0 |       3 |       0 |   0.0
    Abyss:4 |    3371 |       0 |   0.0 |       4 |       0 |   0.0
     Bailey |       0 |    3205 | 100.0 |       0 |      43 | 100.0
   Gauntlet |       0 |    3826 | 100.0 |       0 |      14 | 100.0
            +---------+---------+-------+---------+---------+-------
